Description

I've made this so it would help me with my practice using the new overwolf spawning tool app. This is a pretty passive game by both players, so please do take that into consideration when trying this build out.

soO vs Billowy GSL Code S Ro.32 Game 3 on Echo

If you got that time I'd appreciate if you could give me some feedback in the comments. I might do more of these, so please let me know whether you liked it or what should i do better.

VOD

https://www.twitch.tv/gsl/v/113966528

Build Order

Get SALT Encoding   

  17  0:52  Hatchery  
  18  1:07  Extractor  
  17  1:12  Spawning Pool  
  26  2:08  Metabolic Boost  @100 Gas + 2 Lings for scouting
  31  2:42  Hatchery  
  30  2:45  Pneumatized Carapace  @100 Gas Overlord Speed
  38  3:15  Queen  For Creep Spread
  44  3:30  Action  3:30 Overlord Scout
  48  3:41  Evolution Chamber  @150 gas
  55  4:08  Zerg Melee Weapons Level 1  @Evo Chamber
  66  4:39  Baneling Nest  For safety + Later Banelings
  65  4:48  Lair  
  65  4:50  Extractor x3  
  82  5:33  Hatchery  Macro Hatchery
  81  5:48  Hydralisk Den  @Lair
  81  5:53  Extractor x2  
  81  5:55  Centrifical Hooks  
  106  6:30  Hatchery  
Spawning Tool Build Advisor. Get it on Overwolf

Analysis

The first part of the build is very straight forward you will probably have to make the first decision when you scout with your overlord (Overlord speed is optional i like getting it, soO does this game as well), if you scout a single stargate react accordingly and continue with the build. Notice that soO is droning really hard during the game and barely makes any units before he makes his first hydras (he adds on 12 zerglings around 50% +1), this presumably is due to his follow up scouting after the initial overlord scout (Forge, 3rd base, extra tech). Also note that he is trying to drop banelings into the Protoss mineral line once he has the hydras and feels safe to do so. He attacks with around 12 hydras lots of lings and a LOT of banelings as well (~@10min mark). While he is pressuring the front he starts a spire and a hive at home as well as a 5th base, since he sees that it's a ground based army with storm. He gets 7 broodlords out and goes across the map as fast as he can, so he is able to deal game ending damage before the tempest count gets too high.

Upgrades: He gets +2 meele after the hydras then goes starts +1 armor and when hive finishes starts +3 meele and adrenal glands. He is on one evo chamber the whole game.

If you have some questions maybe ask them in the comment section i'll try to answer them or you can just watch the VOD on twitch I have linked it, game starts at 1:50:00

Go to:

Details

  • Created by: XeZbeth
  • Published on: Jan 12, 2017
  • Modified on: Jan 12, 2017
  • Patch: 3.8.0
Show
View Real Time Build Order
Export as new Build Order

Comments (0)

There are no comments. Be the first!

Create an account to comment!